 Dungeon Crawl Stone Soup version 0.21-a0-349-g0c35859 (webtiles) character file.

52704 Hasart the Destroyer (level 14, -3/76 HPs)
             Began as a Deep Elf Fire Elementalist on Oct 7, 2017.
             Was an Elder of Ashenzari.
             Slain by an eight-headed hydra (9 damage)
             ... on level 5 of the Lair of Beasts.
             The game lasted 01:14:15 (25591 turns).

Hasart the Destroyer (Deep Elf Fire Elementalist)  Turns: 25591, Time: 01:14:17

Health: -3/76      AC:  9    Str:  9    XL:     14   Next: 28%
Magic:  29/33      EV: 18    Int: 26    God:    Ashenzari [****..]
Gold:   835        SH:  8    Dex: 18    Spells: 21/40 levels left

rFire    . . .     SeeInvis +   o - +7 executioner's axe of Yquh {chop, rN+ Str+4}
rCold    + . .     Gourm    .   (shield currently unavailable)
rNeg     + . .     Faith    .   G - +3 leather armour {MR+} (curse)
rPois    .         Spirit   .   s - +0 helmet
rElec    .         Reflect  +   I - scarf {repulsion}
rCorr    .         Harm     .   E - +1 pair of gloves (curse)
MR       ++...     Clarity  +   (no boots)
Stlth    ++........             x - brooch of Shielding {Reflect SH+8}
HPRegen  0.22/turn              t - +3 ring of dexterity
MPRegen  0.23/turn              a - ring of protection from cold (curse)

@: lethally poisoned (-3 -> -9), about to teleport, repel missiles
A: no striking features
a: Curse Item, Scrying, Renounce Religion


You were on level 5 of the Lair of Beasts.
You worshipped Ashenzari.
Ashenzari was greatly pleased with you.
You were very hungry.

You visited 4 branches of the dungeon, and saw 20 of its levels.

You collected 1882 gold pieces.
You spent 1047 gold pieces at shops.

Inventory:

Hand Weapons
 h - a +2 dagger of protection
 o - the +7 executioner's axe of Yquh (weapon) {chop, rN+ Str+4}
   (You found it on level 8 of the Dungeon)

   It inflicts extra damage upon your enemies.
   It affects your strength (+4).
   It protects you from negative energy.
 D - a +4 hand axe of freezing
 U - the +5 hand crossbow of Analysis {flame, rElec rPois Dex+2}
   (You found it on level 1 of the Lair of Beasts)

   It causes projectiles fired from it to burn those they strike, causing extra
   injury to most foes and up to half again as much damage against particularly
   susceptible opponents.
   It affects your dexterity (+2).
   It insulates you from electricity.
   It protects you from poison.
Missiles
 l - 3 throwing nets (quivered)
Armour
 s - a +0 helmet (worn)
 E - a cursed +1 pair of gloves (worn)
 G - a cursed +3 leather armour of magic resistance (worn)
 I - a scarf of repulsion (worn)
 V - the +1 pair of gloves "Wylajid" {rPois rCorr Int-2 Slay+2}
   (You found it on level 4 of the Lair of Beasts)

   It affects your intelligence (-2).
   It affects your accuracy and damage with ranged weapons and melee attacks
   (+2).
   It protects you from poison.
   It protects you from acid and corrosion.
Jewellery
 a - a cursed ring of protection from cold (right hand)
 t - a +3 ring of dexterity (left hand)
 x - the brooch of Shielding (around neck) {Reflect SH+8}
   (You found it on level 8 of the Dungeon)

   [amulet of reflection]

   It shields you and reflects attacks.
   It affects your SH (+8).
 L - an uncursed ring of flight
 M - an uncursed ring of resist corrosion
Wands
 C - a wand of iceblast (15/15)
 P - a wand of clouds (4/9)
 T - a wand of acid (3/15)
 W - a wand of enslavement (13/24)
Scrolls
 e - 4 scrolls of remove curse
 m - a scroll of holy word
 n - 3 scrolls of immolation
 p - 3 scrolls of magic mapping
 v - 7 scrolls of teleportation
 w - 2 scrolls of enchant weapon
 y - 9 scrolls of identify
 F - 4 scrolls of enchant armour
 H - 3 scrolls of recharging
 K - 3 scrolls of amnesia
 N - 3 scrolls of fog
Potions
 f - 12 potions of curing
 g - 3 potions of lignification
 i - 3 potions of heal wounds
 j - a potion of ambrosia
 q - 3 potions of berserk rage
 u - 2 potions of might
 z - a potion of brilliance
 A - a potion of haste
 B - a potion of cancellation
Books
 b - a book of Flames

   Spells                             Type                      Level
   a - Flame Tongue                   Conjuration/Fire             1
   b - Throw Flame                    Conjuration/Fire             2
   c - Conjure Flame                  Conjuration/Fire             3
   d - Inner Flame                    Hexes/Fire                   3
   e - Sticky Flame                   Conjuration/Fire             4
   f - Fireball                       Conjuration/Fire             5
 R - a book of Battle

   Spells                             Type                      Level
   a - Infusion                       Charms                       1
   b - Shroud of Golubria             Charms/Translocation         2
   c - Song of Slaying                Charms                       2
   d - Spectral Weapon                Hexes/Charms                 3
   e - Regeneration                   Charms/Necromancy            3
 S - a book of Air

   Spells                             Type                      Level
   a - Shock                          Conjuration/Air              1
   b - Swiftness                      Charms/Air                   2
   c - Static Discharge               Conjuration/Air              3
   d - Airstrike                      Air                          4
   e - Lightning Bolt                 Conjuration/Air              5
Miscellaneous
 J - a crystal ball of energy
Comestibles
 c - 11 bread rations
 d - 16 fruits
 k - 9 meat rations
 r - 8 royal jellies


   Skills:
 - Level 4.1 Fighting
 - Level 2.0 Axes
 + Level 8.7 Dodging
 - Level 2.4 Stealth
 + Level 13.9 Spellcasting
 + Level 14.5 Conjurations
 + Level 6.0 Charms
 - Level 4.4 Necromancy
 - Level 14.1 Fire Magic
 + Level 4.2 Air Magic
 + Level 6.6 Evocations


You had 21 spell levels left.
You knew the following spells:

 Your Spells              Type           Power        Failure   Level  Hunger
a - Flame Tongue          Conj/Fire      #####        0%          1    None
b - Sticky Flame          Conj/Fire      #######.     1%          4    None
c - Fireball              Conj/Fire      #######...   1%          5    ##.....
d - Swiftness             Chrm/Air       #####...     1%          2    None
f - Airstrike             Air            #####.....   8%          4    None
p - Regeneration          Chrm/Necr      #####.....   1%          3    None


Dungeon Overview and Level Annotations

Branches:
Dungeon (12/15)            Temple (1/1) D:6            Lair (5/6) D:11
  Swamp (0/4) Lair:3        Snake (0/4) Lair:2          Orc (2/2) D:12
    Elf (0/3) Orc:2
  Slime: Lair:5-6

Altars:
Ashenzari
Cheibriados
Dithmenos
Elyvilon
Fedhas
Gozag
Hepliaklqana
Kikubaaqudgha
Nemelex Xobeh
Okawaru
Qazlal
Ru
Trog
Uskayaw
Vehumet
Wu Jian
Xom
Yredelemnul
Zin
The Shining One
Lugonu

Shops:
D:5 =   D:8 ?   D:11 %}   Orc:2 :%%*

Annotations:
D:12 Rupert


Message History

The eight-headed hydra burns!
The water moccasin bites you.
As you read the scroll of teleportation, it crumbles to dust.
You feel strangely unstable.
The water moccasin hisses angrily.
The eight-headed hydra burns!
The eight-headed hydra stops burning.
The water moccasin bites you.
You are poisoned.
The water moccasin poisons you!
The water moccasin completely misses you.
The eight-headed hydra bites you.
The eight-headed hydra barely misses you.
You block the eight-headed hydra's attack.
The eight-headed hydra bites you!
* * * LOW HITPOINT WARNING * * *
The eight-headed hydra closely misses you.
The eight-headed hydra bites you!
* * * LOW HITPOINT WARNING * * *
The eight-headed hydra closely misses you.
The eight-headed hydra bites you!
You die...

............# ** , * *,
....###.....# ,*
.....##P...### ,# * ,
.....#..P....## * ,..* ,
P....P........### ..., ,
#P............#.###,....,,
,
#.................#.....,
, ,
,.#.#.........S.#...S.., ,
,* ,,
.####...PP..D@....... ,,,
, , ....PP..#S......#. * ,
,......#.P.........#,* *,*
,................... ** ,
, , ,,.................. ,
,, ,
.#............#...,,,, ,
,, ...........#.#.S * * ,
..........#....,, * , ,,,
,,, ,,, , ,,,


You could see an eight-headed hydra and 4 water moccasins.

Vanquished Creatures
  Kirke (D:12)
  Fannar (D:12)
  Erolcha (Orc:2)
  Harold (D:11)
  A catoblepas (Lair:2)
  3 hydras
  8 two-headed ogres
  4 death yaks
  2 orc high priests (Orc:2)
  Urug (Lair:4)
  An unseen horror (D:10)
  5 orc knights (Orc:2)
  4 oklob plants (Lair:1)
  A cyclops (D:12)
  6 orc sorcerers
  8 elephants (Lair:5)
  Maurice (D:9)
  5 spiny frogs
  9 komodo dragons
  A polar bear (Lair:4)
  A meliai (D:8)
  Grinder (D:5)
  Prince Ribbit (D:6)
  7 hippogriffs
  A wraith (D:11)
  6 wyverns
  30 yaks
  2 hogs (D:12)
  A basilisk (Lair:3)
  4 hungry ghosts
  2 vampire mosquitoes (D:12)
  A warg (Orc:2)
  4 nagas (Lair:2)
  2 acid dragons (D:12)
  7 water moccasins
  A swamp drake (D:11)
  8 porcupines
  3 sky beasts
  5 ice beasts
  A phantom (D:7)
  An eye of draining (D:12)
  15 ogres
  18 orc warriors
  2 black bears
  A hornet zombie (D:9)
  2 necrophages
  A centaur (D:10)
  13 wolves
  12 crocodiles
  2 big kobolds (D:11)
  10 bullfrogs
  3 scorpions
  5 killer bees (D:10)
  3 spriggan skeletons (D:12)
  8 wights
  4 howler monkeys
  An electric eel (Lair:4)
  6 crimson imps
  2 centaur zombies
  A quasit (D:8)
  3 bullfrog zombies
  6 hounds
  6 jellies
  5 centaur skeletons
  20 orc priests
  A bullfrog skeleton (D:12)
  A gnoll shaman (D:6)
  5 iguanas
  25 orc wizards
  12 worker ants
  Natasha (thrice) (D:2)
  A hound zombie (D:5)
  2 howler monkey zombies
  Robin (D:2)
  9 gnolls
  13 adders
  A shadow imp (D:11)
  2 worms
  3 dart slugs
  5 leopard geckos
  113 orcs
  2 ball pythons
  5 bats
  A bat zombie (D:4)
  2 giant cockroaches
  13 goblins
  7 hobgoblins
  12 jackals
  18 kobolds
  4 quokkas
  5 frilled lizards
  A jackal skeleton (D:8)
  A leopard gecko skeleton (D:4)
  2 leopard gecko zombies
  8 rats
  A rat zombie (D:4)
  2 fungi (Lair:1)
  4 plants
587 creatures vanquished.

Vanquished Creatures (others)
  A manticore (D:11)
  A wraith (D:12)
  4 humans (D:12)
  A bat (D:1)
  A ball python (D:1)
  2 fungi (Lair:4)
  6 plants
16 creatures vanquished.

Grand Total: 603 creatures vanquished

Notes
Turn   | Place    | Note
-------+----------+-------------------------------------------
     0 | D:1      | Hasart the Deep Elf Fire Elementalist began the quest for the Orb.
     0 | D:1      | Reached XP level 1. HP: 10/10 MP: 6/6
   514 | D:1      | Reached XP level 2. HP: 13/15 MP: 5/8
   920 | D:2      | Noticed Natasha
   923 | D:2      | Killed Natasha
   923 | D:2      | Reached XP level 3. HP: 15/19 MP: 6/10
  1347 | D:2      | Reached XP level 4. HP: 24/24 MP: 7/11
  1353 | D:2      | Learned a level 4 spell: Sticky Flame
  1513 | D:2      | Noticed Robin
  1563 | D:2      | Noticed Natasha
  1756 | D:2      | Found a glowing golden altar of the Shining One.
  1849 | D:2      | Found an iron altar of Okawaru.
  2155 | D:2      | Killed Natasha
  2189 | D:2      | Noticed Natasha
  2193 | D:2      | Killed Natasha
  2193 | D:2      | Reached XP level 5. HP: 15/28 MP: 3/13
  2390 | D:2      | Killed Robin
  2539 | D:3      | Reached skill level 5 in Fire Magic
  2744 | D:3      | Reached XP level 6. HP: 32/32 MP: 8/14
  3541 | D:3      | Learned a level 5 spell: Fireball
  3905 | D:4      | Found an ancient bone altar of Kikubaaqudgha.
  4078 | D:4      | Reached skill level 5 in Spellcasting
  4363 | D:4      | Reached skill level 5 in Conjurations
  4557 | D:4      | Reached XP level 7. HP: 32/36 MP: 11/16
  4787 | D:5      | Entered Level 5 of the Dungeon
  4813 | D:5      | Found an opulent altar of Gozag.
  4813 | D:5      | Found a bloodstained altar of Trog.
  5089 | D:5      | Found Govouvo's Jewellery Shoppe.
  5722 | D:5      | Noticed Grinder
  5726 | D:5      | Paralysed by Grinder for 6 turns
  5730 | D:5      | Killed Grinder
  5730 | D:5      | Reached XP level 8. HP: 14/41 MP: 13/19
  6351 | D:6      | Noticed Prince Ribbit
  6364 | D:6      | Killed Prince Ribbit
  6859 | D:6      | Found a shimmering altar of Xom.
  6861 | D:6      | Found a basalt altar of Yredelemnul.
  6861 | D:6      | Found a hide-covered altar of Uskayaw.
  6864 | D:6      | Found a white marble altar of Elyvilon.
  6971 | D:6      | Found a staircase to the Ecumenical Temple.
  7055 | Temple   | Entered the Ecumenical Temple
  7198 | Temple   | Became a worshipper of Ashenzari the Shackled
  7979 | D:8      | Reached XP level 9. HP: 41/45 MP: 19/22
  8008 | D:8      | Found Purig's Magic Scroll Shop.
  8011 | D:8      | Bought a scroll of teleportation for 36 gold pieces
  8041 | D:8      | Noticed a two-headed ogre
  8053 | D:8      | Killed a two-headed ogre
  8343 | D:8      | Noticed a two-headed ogre
  8354 | D:8      | Killed a two-headed ogre
  8354 | D:8      | Reached skill level 10 in Fire Magic
  8643 | D:8      | Reached skill level 10 in Conjurations
  8648 | D:8      | Reached XP level 10. HP: 42/50 MP: 9/24
  8962 | D:8      | Found a basalt altar of Yredelemnul.
  9157 | D:8      | Noticed a two-headed ogre
  9168 | D:8      | Killed a two-headed ogre
  9528 | D:8      | Found a shadowy altar of Dithmenos.
  9700 | D:8      | Found the brooch of Shielding {Reflect SH+8}
  9715 | D:8      | Got the executioner's axe of Yquh {chop, rN+ Str+4}
  9778 | D:8      | Identified the +7 executioner's axe of Yquh {chop, rN+ Str+4} (You found it on level 8 of the Dungeon)
  9934 | D:9      | Reached * piety under Ashenzari
 10172 | D:9      | Noticed a two-headed ogre
 10184 | D:9      | Killed a two-headed ogre
 10184 | D:9      | Reached skill level 10 in Spellcasting
 10406 | D:9      | Found a sparkling altar of Nemelex Xobeh.
 10406 | D:9      | Noticed Maurice
 10417 | D:9      | Killed Maurice
 10588 | D:9      | Noticed a two-headed ogre
 10599 | D:9      | Killed a two-headed ogre
 10599 | D:9      | Reached XP level 11. HP: 36/54 MP: 18/27
 10729 | D:9      | Found a snail-covered altar of Cheibriados.
 11246 | D:9      | Noticed a two-headed ogre
 11249 | D:9      | Killed a two-headed ogre
 11255 | D:9      | Noticed a two-headed ogre
 11260 | D:9      | Killed a two-headed ogre
 11408 | D:10     | Entered Level 10 of the Dungeon
 11615 | D:10     | Got the long sword of the Bruised Hells {vamp, +Fly Str+4}
 12128 | D:10     | Noticed an unseen horror
 12130 | D:10     | Killed an unseen horror
 12663 | D:10     | Identified the +2 long sword of the Bruised Hells {vamp, +Fly Str+4} (You found it on level 10 of the Dungeon)
 12933 | D:11     | Noticed a two-headed ogre
 12936 | D:11     | Killed a two-headed ogre
 12936 | D:11     | Reached skill level 1 in Fighting
 13397 | D:11     | Noticed Harold
 13403 | D:11     | Killed Harold
 13410 | D:11     | Reached XP level 12. HP: 49/61 MP: 8/29
 13593 | D:11     | Found Nicvupn's Food Shop.
 13651 | D:11     | Reached skill level 1 in Axes
 13741 | D:11     | Found Cuynej's Gadget Shop.
 14364 | D:11     | Found a staircase to the Lair.
 15079 | D:12     | Noticed Fannar
 15117 | D:12     | Killed Fannar
 15117 | D:12     | Reached skill level 1 in Evocations
 15230 | D:12     | Found a staircase to the Orcish Mines.
 15285 | D:12     | Reached skill level 5 in Dodging
 15445 | D:12     | Noticed Kirke
 15471 | D:12     | Killed Kirke
 15663 | D:12     | Reached ** piety under Ashenzari
 15905 | D:12     | Noticed Rupert
 16023 | Orc:1    | Entered Level 1 of the Orcish Mines
 16023 | Orc:1    | Found a bloodstained altar of Trog.
 16508 | Orc:2    | Entered Level 2 of the Orcish Mines
 16871 | Orc:1    | Noticed a stone giant
 17144 | Orc:2    | Found a staircase to the Elven Halls.
 17391 | Orc:2    | Noticed an orc high priest
 17399 | Orc:2    | Killed an orc high priest
 17474 | Orc:2    | Noticed Erolcha
 17560 | Orc:2    | Killed Erolcha
 17760 | Orc:2    | Reached XP level 13. HP: 70/70 MP: 19/31
 19175 | Orc:2    | Found Uroethry's Assorted Antiques.
 19181 | Orc:2    | Found Giniutiz's Food Shop.
 19186 | Orc:2    | Bought a silvery potion for 18 gold pieces
 19186 | Orc:2    | Bought a cyan potion for 18 gold pieces
 19188 | Orc:2    | Found Yroa's Food Shop.
 19190 | Orc:2    | Found Suript's Book Shoppe.
 19198 | Orc:2    | Bought a book of Battle for 520 gold pieces
 19198 | Orc:2    | Bought a book of Air for 455 gold pieces
 19201 | Orc:2    | Learned a level 2 spell: Swiftness
 19205 | Orc:2    | Learned a level 3 spell: Regeneration
 19210 | Orc:2    | Learned a level 4 spell: Airstrike
 19466 | Lair:1   | Entered Level 1 of the Lair of Beasts
 19610 | Lair:1   | Reached skill level 1 in Charms
 19618 | D:11     | Reached skill level 1 in Necromancy
 19849 | Lair:1   | Reached skill level 1 in Air Magic
 20407 | Lair:1   | Reached skill level 5 in Evocations
 21511 | Lair:1   | Got the hand crossbow of Analysis {flame, rElec rPois Dex+2}
 21672 | Lair:2   | Reached *** piety under Ashenzari
 21864 | Lair:2   | Found a staircase to the Snake Pit.
 23559 | Lair:3   | Found a staircase to the Swamp.
 24011 | Lair:4   | Reached skill level 5 in Charms
 24011 | Lair:4   | Reached XP level 14. HP: 76/76 MP: 17/33
 24293 | Lair:4   | Noticed Urug
 24297 | Lair:4   | Killed Urug
 24297 | Lair:4   | Identified the +3 ring mail of Ruxocrink {-Cast rF+ Int+6 Stlth-} (You took it off Urug on level 4 of the Lair of Beasts)
 24365 | Lair:4   | Identified the +1 pair of gloves "Wylajid" {rPois rCorr Int-2 Slay+2}
 24794 | Lair:4   | Reached **** piety under Ashenzari
 25591 | Lair:5   | Slain by an eight-headed hydra

Vault maps used:
D:1:      shiori_arrival_oz
D:2:      nicolae_overflow_hidden_temple, lemuel_round_altar, uniq_robin,
          uniq_natasha
D:4:      lemuel_zombie_altar_kikubaaqudgha, first_bread
D:5:      gammafunk_temple_overflow_elements, serial_shops, shop, uniq_grinder
D:6:      minmay_klotski, minitemple, minmay_temple_entry_enclosed_plants,
          hangedman_decor_riveting, uniq_prince_ribbit1
D:7:      lemuel_blue_sif_altar, makhleb_altar_promises_db, lemuel_tele_altar
D:8:      lemuel_doored_altar, basic_altar, serial_shops, shop,
          minmay_diamond_spiral
D:9:      minmay_cornered_nines, marbit_many_paths,
          nemelex_xobeh_ov_fountains_minmay, uniq_maurice
D:10:     grunt_ogre_cave
D:11:     erik_lair_dragon, serial_shops, shop, nicolae_shop_crystal,
          minmay_misc_feat_rugged, uniq_harold
D:12:     hiddenorc1_lemuel, hangedman_tell_no_tales, uniq_rupert, uniq_fannar,
          uniq_kirke
Temple:   corrupted_temple
Lair:1:   minivault_27, beast_lair_carwin_4, grunt_megastairs_4,
          minmay_lair_oklob_chamber
Lair:2:   guppyfry_snake_entry_island
Lair:3:   swamp_mist, minmay_stone_trees_medium, lemuel_fruit_fields
Lair:4:   serial_bayou_pond_a, beast_lair_carwin_2, serial_bayou_shore_a,
          uniq_urug
Lair:5:   slime_altar_1
Orc:1:    serial_shops, shop, bloody_trog
Orc:2:    st_orc_elflike, uniq_erolcha

Skill      XL: |  1  2  3  4  5  6  7  8  9 10 11 12 13 14 |
---------------+-------------------------------------------+-----
Conjurations   | 2 3 4 5 6 8 10 11 13 14 | 14.5
Fire Magic     | 4 5 6 7 8 10 12 13 14 | 14.1
Spellcasting   | 4 5 6 7 8 10 11 12 13 | 13.9
Fighting       | 1 3 4 |  4.1
Dodging        | 3 6 8 |  8.7
Axes           | 2 |  2.0
Evocations     | 3 6 |  6.6
Charms         | 5 6 |  6.0
Necromancy     | 4 |  4.4
Air Magic      | 3 4 |  4.2
Stealth        | |  2.4

Action                   |  1- 3 |  4- 6 |  7- 9 | 10-12 | 13-15 || total
-------------------------+-------+-------+-------+-------+-------++-------
Melee: Dagger            |    20 |    33 |   168 |    22 |       ||   243
       Short sword       |     3 |       |       |       |       ||     3
       Hand axe          |       |       |       |    65 |       ||    65
       Executioner's axe |       |       |       |   273 |   123 ||   396
       Great sword       |       |       |       |     3 |       ||     3
 Cast: Flame Tongue      |    41 |    99 |   136 |   198 |   139 ||   613
       Sticky Flame      |       |    13 |    25 |    65 |    82 ||   185
       Fireball          |       |       |     7 |    82 |    89 ||   178
       Regeneration      |       |       |       |       |     2 ||     2
Invok: Curse Item        |       |       |       |     2 |       ||     2
  Use: Scroll            |       |       |     4 |     9 |     5 ||    18
       Potion            |       |       |       |       |    14 ||    14
 Stab: Sleeping          |     3 |     4 |     2 |     2 |     1 ||    12
       Distracted        |       |       |       |     1 |       ||     1
  Eat: Chunk             |     1 |    11 |    19 |    36 |    23 ||    90
       Fruit             |       |       |       |     3 |     6 ||     9
       Royal jelly       |       |       |       |       |     1 ||     1
Armor: Robe              |     9 |    14 |    65 |    34 |       ||   122
       Leather armour    |       |       |       |   112 |    38 ||   150
Dodge: Dodged            |    27 |    46 |    97 |   300 |   176 ||   646
Block: Other             |       |     9 |    25 |   184 |   110 ||   328
       Reflection        |       |     1 |     1 |    10 |     5 ||    17
       Rpst.: Great sword |       |       |       |     2 |       ||     2

Table legend:
 A = Spawn XP
 B = Non-spawn XP
 C = Spawn XP percentage of total XP
 D = Spawn monster count
 E = Non-spawn monster count
 F = Spawn count percentage of total count
 G = Total turns spent on level
                    A         B        C        D         E        F      G
               +---------+---------+-------+---------+---------+-------+---------
         Total |       0 |   75292 |   0.0 |       0 |     582 |   0.0 | 25591
               +---------+---------+-------+---------+---------+-------+---------
           D:1 |       0 |      17 |   0.0 |       0 |      11 |   0.0 |   993
           D:2 |       0 |     209 |   0.0 |       0 |      30 |   0.0 |  1518
           D:3 |       0 |     224 |   0.0 |       0 |      28 |   0.0 |  1184
           D:4 |       0 |     312 |   0.0 |       0 |      25 |   0.0 |  1092
           D:5 |       0 |     703 |   0.0 |       0 |      27 |   0.0 |  1338
           D:6 |       0 |     853 |   0.0 |       0 |      14 |   0.0 |  1161
           D:7 |       0 |     445 |   0.0 |       0 |      10 |   0.0 |   408
           D:8 |       0 |    5172 |   0.0 |       0 |      46 |   0.0 |  2031
           D:9 |       0 |    6052 |   0.0 |       0 |      32 |   0.0 |  1523
          D:10 |       0 |    5086 |   0.0 |       0 |      62 |   0.0 |  1525
          D:11 |       0 |    7033 |   0.0 |       0 |      61 |   0.0 |  2157
          D:12 |       0 |    7210 |   0.0 |       0 |      58 |   0.0 |  1728
        Lair:1 |       0 |    7444 |   0.0 |       0 |      29 |   0.0 |  1727
        Lair:2 |       0 |    7075 |   0.0 |       0 |      24 |   0.0 |  1319
        Lair:3 |       0 |    3812 |   0.0 |       0 |      13 |   0.0 |  1143
        Lair:4 |       0 |    6510 |   0.0 |       0 |      26 |   0.0 |  1014
        Lair:5 |       0 |    4367 |   0.0 |       0 |      11 |   0.0 |   581
         Orc:1 |       0 |    1149 |   0.0 |       0 |      16 |   0.0 |   587
         Orc:2 |       0 |   11619 |   0.0 |       0 |      59 |   0.0 |  2402
               +---------+---------+-------+---------+---------+-------+---------
